 Dungeon Crawl Stone Soup version 0.30.1-9-gdf580d7c3d (webtiles) character file.

Game seed: 3707229312617826094

71 lonewolfV2 the Shield-Bearer (level 4, 0/37 HPs)
             Began as a Formicid Fighter on Oct 20, 2023.
             Slain by Crazy Yiuf
             ... wielding a +3 quarterstaff of chaos
              (6 damage)
             ... on level 2 of the Dungeon.
             The game lasted 00:02:02 (1627 turns).

lonewolfV2 the Shield-Bearer (Formicid Fighter)     Turns: 1627, Time: 00:02:03

Health: 0/37       AC:  6    Str: 23    XL:     4   Next: 47%
Magic:  4/4        EV:  9    Int:  7    God:
Gold:   167        SH:  0    Dex: 13    Spells: 3/3 levels left

rFire   . . .        a - +0 war axe
rCold   . . .        c - +0 buckler
rNeg    . . .        b - +0 scale mail
rPois   .            (helmet unavailable)
rElec   .            (no cloak)
rCorr   .            (no gloves)
SInv    +            (no boots)
Will    .....        (no amulet) Stlth
                     (no ring)
HPRegen 0.26/turn    (no ring)
MPRegen 0.09/turn

%: no passive effects
@: confused, lethally poisoned (0 -> -6)
A: permanent stasis, dig shafts and tunnels, antennae 3, four strong arms
a: Dig, Shaft Self


You were on level 2 of the Dungeon.
You visited 1 branch of the dungeon, and saw 2 of its levels.

You collected 167 gold pieces.

Inventory:

Hand Weapons
 a - a +0 war axe (weapon)
Armour
 b - a +0 scale mail (worn)
 c - a +0 buckler (worn)
Jewellery
 n - a +4 ring of protection
Scrolls
 e - 3 scrolls of teleportation
 g - a scroll of vulnerability {unknown}
 h - a scroll of silence {unknown}
 k - a scroll of enchant weapon {unknown}
 m - a scroll of identify {unknown}
Potions
 d - a potion of might
 f - 4 potions of berserk rage {unknown}
 i - 2 potions of heal wounds {unknown}
 j - a potion of degeneration {unknown}
 l - a potion of haste {unknown}


   Skills:
 + Level 4.1 Fighting
 * Level 3.0 Axes
 - Level 3.4 Armour
 - Level 4.8 Shields


You had 3 spell levels left.
You didn't know any spells.
Your spell library contained the following spells:

 Spells                   Type           Power      Damage    Failure   Level
 Shock                    Conj/Air       0%         1d3       80%         1
 Ensorcelled Hibernation  Hex/Ice        0%         N/A       91%         2
 Spider Form              Tmut/Pois      0%         N/A       99%         3
 Airstrike                Air            0%         2d(0-16)  100%        4
 Anguish                  Hex/Necr       0%         N/A       100%        4
 Swiftness                Air            Unusable   N/A       N/A         3

Dungeon Overview and Level Annotations

Branches:
Dungeon (2/15)

Altars:
Sif Muna

Shops:
D:1 *!

Annotations:
D:2 Crazy Yiuf


Innate Abilities, Weirdness & Mutations

You cannot be hasted, slowed, berserked, paralysed or teleported.
You can dig through walls and to a lower floor.
You have a pair of large antennae on your head. (SInv)
Your four strong arms can wield two-handed weapons with a shield.


Message History

The bat hits you but does no damage. x2
You barely miss the bat.
The bat is severely wounded.
The bat closely misses you.
You slash the bat!
You kill the bat!
No target in view!
A kobold comes into view. It is wielding a +0 club.
A kobold is nearby!
A kobold is nearby!
A kobold is nearby!
A kobold is nearby!
The kobold hits you but does no damage.
You hit the kobold.
You kill the kobold!
No target in view!
There is an open door here.
You see here a hobgoblin skeleton.
Crazy Yiuf shouts!
Could not explore, unopened runed door.
Could not explore, unopened runed door.
Could not explore, unopened runed door.
No reachable target in view!
You open the door. You slash Crazy Yiuf!
Crazy Yiuf is heavily wounded.
Crazy Yiuf hits you with a +3 quarterstaff of chaos! x2
You are poisoned.
You slash Crazy Yiuf!
Crazy Yiuf is almost dead.
You feel very sick.
Crazy Yiuf hits you with a +3 quarterstaff of chaos.
* * * LOW HITPOINT WARNING * * *
You are confused.
You bump into the tree.
* * * LOW HITPOINT WARNING * * *
You feel sick.
Crazy Yiuf screams, "Hack snail snockshim!"
Crazy Yiuf hits you with a +3 quarterstaff of chaos.
You die...

.# #.....# .# #.....#
.# #.....# .# #######
.# .# ##♣♣♣♣♣
.########)..♣.♣♣♣ ###
.............♣..♣#...#
######....).♣♣♣♣@g...#
##.#..♣♣ ♣♣#..)#
####♣♣ ###


You could see Crazy Yiuf.

Vanquished Creatures
  2 adders (D:2)
  2 dart slugs
  3 bats (D:2)
  5 endoplasms (D:2)
  A giant cockroach (D:2)
  3 goblins
  6 hobgoblins
  2 jackals (D:2)
  A quokka (D:2)
  5 ball pythons
  3 frilled lizards (D:1)
  6 kobolds
  9 rats
48 creatures vanquished.

Notes
Turn   | Place    | Note
-------+----------+-------------------------------------------
     0 | D:1      | lonewolfV2 the Formicid Fighter began the quest for the
                  | Orb.
     0 | D:1      | Reached XP level 1. HP: 18/18 MP: 1/1
   346 | D:1      | Found Qyrr's General Store.
   376 | D:1      | Reached XP level 2. HP: 24/24 MP: 2/2
   553 | D:1      | Reached XP level 3. HP: 28/29 MP: 3/3
   629 | D:1      | Found Ocuoffev's Distillery.
   929 | D:2      | Found a shimmering blue altar of Sif Muna.
  1130 | D:2      | Reached XP level 4. HP: 37/37 MP: 4/4
  1195 | D:2      | Found a faded altar of an unknown god.
  1273 | D:2      | Found a runed translucent door.
  1274 | D:2      | Noticed Crazy Yiuf
  1627 | D:2      | Slain by Crazy Yiuf

Illustrated notes

Levels and vault maps discovered:
D:1:      dpeg_arrival_water_fire, layout_basic, serial_shops, shop, shop,
          minmay_close_crescents
D:2:      layout_basic, basic_altar, nicolae_ecumenical_oubliette,
          uniq_crazy_yiuf_cottage

Skill      XL: |  1  2  3  4 |
---------------+-------------+-----
Fighting       | 4 |  4.1
Axes           | 3 |  3.0
Armour         | |  3.4
Shields        | |  4.8

Action                     |  1- 3 |  4- 6 || total
---------------------------+-------+-------++-------
  Melee: War axe           |    76 |    31 ||   107
    Use: Scroll            |     2 |       ||     2
 Armour: Scale mail        |    44 |    12 ||    56
  Dodge: Dodged            |    38 |    22 ||    60
  Block: Buckler           |    29 |    14 ||    43
